Map: Lightshade LE

Players

TerraN

  • Race: Terran Terran

SpeCial - Winner!

  • Race: Terran Terran
  • League: Master

Event: DreamHack SC2 Masters 2021 Summer

VOD

Have the link to the VOD?

Description

Time

  • Played on: May 19, 2021, 4:33 p.m.
  • Length: 5:10

All games in this series

Show
View Real Time Build Order
Export as new Build Order

TerraN Terran 

Build Orders:  

Get SALT Encoding   

  12  0:00  SCV  
  13  0:12  SCV  
  14  0:17  Supply Depot  
  14  0:24  SCV  
  15  0:39  SCV  
  15  0:41  Barracks  
  16  0:45  Refinery  
  16  0:51  SCV  
  17  1:03  SCV  
  18  1:15  SCV  
  18  1:16  Refinery  
  19  1:28  Orbital Command  
  19  1:32  Barracks Tech Lab  
  19  1:33  Supply Depot  
  19  1:51  Concussive Shells, Marauder  
  19  1:53  SCV  
  22  2:05  SCV  
  22  2:08  Factory  
  23  2:12  Marauder  
  25  2:17  SCV  
  25  2:18  Supply Depot  
  26  2:29  SCV  
  27  2:34  Marauder  
  29  2:41  SCV  
  30  2:52  Hellion  
  30  2:55  Marauder  
  34  3:02  Supply Depot  
  28  3:23  SCV  
  28  3:24  Hellion, Supply Depot  
  29  3:28  Marauder  
  31  3:39  SCV  
  24  3:50  Marauder  
  24  3:51  SCV  
  23  3:59  Hellion  
  23  4:11  Marauder  
  21  4:21  SCV  
  7  4:40  Widow Mine  
Show
View Real Time Build Order
Export as new Build Order

SpeCial Terran - Winner!

Build Orders:  

Get SALT Encoding   

  12  0:00  SCV  
  13  0:12  SCV  
  14  0:18  Supply Depot  
  14  0:24  SCV  
  15  0:39  SCV  
  15  0:42  Barracks  
  16  0:46  Refinery  
  16  0:51  SCV  
  16  0:55  Refinery  
  17  1:03  SCV  
  18  1:16  SCV  
  19  1:29  Orbital Command  
  19  1:30  Barracks Tech Lab  
  19  1:40  Supply Depot  
  19  1:49  Concussive Shells, Marauder  
  21  1:55  SCV  
  21  1:58  Factory  
  22  2:08  SCV  
  23  2:10  Marauder  
  25  2:20  SCV  
  26  2:29  Supply Depot  
  26  2:32  Marauder, SCV  
  29  2:42  Hellion  
  31  2:48  SCV  
  31  2:53  Marauder  
  32  3:01  SCV  
  32  3:12  Hellion  
  31  3:14  Marauder  
  28  3:29  Bunker  
  27  3:37  Hellion  
  28  3:46  Marauder  
  27  3:55  SCV  
  25  3:59  Hellion  
  27  4:07  SCV  
  28  4:19  SCV  
  28  4:23  Marauder  
  29  4:28  Hellion  
  27  4:31  SCV  
Tags
 
Add a new tag
Caveats
  • Supply blocks, unpowered buildings, or Contaminate may cause inaccurate times.
  • Supply counts are checked every 10 seconds.